 Dungeon Crawl Stone Soup version 0.28.0-53-g5a82cb258f (webtiles) character file.

Game seed: 11140230288861013620

228 H0rd4k the Charlatan (level 6, 0/44 HPs)
             Began as a Human Artificer on May 25, 2022.
             Slain by a human zombie (5 damage)
             ... in an ossuary.
             The game lasted 00:04:15 (4146 turns).

H0rd4k the Charlatan (Human Artificer)              Turns: 4146, Time: 00:04:16

Health: 0/44       AC:  3    Str: 13    XL:     6   Next: 22%
Magic:  6/6        EV: 12    Int: 13    God:
Gold:   173        SH:  0    Dex: 13    Spells: 5/5 levels left

rFire   . . .      SeeInvis .   p - +9 hand axe of the Immovable Deaths {vorpal, rPois}
rCold   . . .      Faith    .   (no shield)
rNeg    . . .      Spirit   .   b - +0 leather armour
rPois   +          Reflect  .   (no helmet)
rElec   .          Harm     .   (no cloak)
rCorr   .          Rampage  .   (no gloves)
Will    .....                   (no boots)
Stlth   +.........              (no amulet)
HPRegen 0.14/turn               (no ring)
MPRegen 0.10/turn               (no ring)

@: marked
A: no striking features
a: no special abilities


You were in an ossuary.
You visited 1 branch of the dungeon, and saw 4 of its levels.
You also visited: Ossuary.

You collected 173 gold pieces.

Inventory:

Hand Weapons
 g - a +0 dagger of protection
 p - the +9 hand axe of the Immovable Deaths (weapon) {vorpal, rPois}
   (You found it on level 4 of the Dungeon)

   It inflicts extra damage upon your enemies.
   rPois:     It protects you from poison.
Missiles
 o - 6 poisoned darts
Armour
 b - a +0 leather armour (worn)
Wands
 c - a wand of flame (9) (quivered)
 d - a wand of charming (10)
Scrolls
 f - 2 scrolls of teleportation {unknown}
 h - a scroll of magic mapping {unknown}
 i - a scroll of holy word {unknown}
 j - a scroll of vulnerability {unknown}
 k - 2 scrolls of identify {unknown}
 l - a scroll of noise {unknown}
 m - a scroll of blinking {unknown}
 n - a scroll of immolation {unknown}
 q - a scroll of brand weapon {unknown}
Potions
 a - a potion of heal wounds {unknown}
Miscellaneous
 e - a piece from Xom's chessboard (15/15)


   Skills:
 + Level 2.2 Fighting
 + Level 2.1 Short Blades
 + Level 1.1(1.9) Axes
 + Level 2.3(2.5) Maces & Flails
 - Level 2.0 Armour
 + Level 2.8 Dodging
 - Level 1.0 Stealth
 + Level 3.5 Evocations


You had 5 spell levels left.
You didn't know any spells.
Your spell library contained the following spells:

 Spells                   Type           Power      Damage    Failure   Level
 Gell's Gravitas          Tloc           0%         N/A       75%         3
 Teleport Other           Tloc           0%         N/A       75%         3
 Blade Hands              Tmut           0%         N/A       100%        5
 Irradiate                Conj/Tmut      0%         3d14      100%        5
 Dispersal                Tloc           0%         N/A       100%        6
 Dragon Form              Tmut           0%         N/A       100%        7


Dungeon Overview and Level Annotations

Branches:
Dungeon (4/15)            Ossuary (1/1)
 Temple: D:4-7

Altars:
Elyvilon

Shops:
D:2 :


Message History

An orc zombie comes into view.
The adder zombie bites you but does no damage.
You completely miss the adder zombie.
The adder zombie is almost destroyed.
You hit the mummy.
The mummy is moderately damaged.
You slash the mummy!
The mummy is almost destroyed.
You barely miss the rat zombie. The rat zombie closely misses you.
You slash the mummy!
You destroy the mummy!
You slash the rat zombie!
You destroy the rat zombie!
Your Axes skill increases to level 1!
You slash the hobgoblin zombie!
You destroy the hobgoblin zombie!
You barely miss the human zombie. The human zombie barely misses you.
You barely miss the adder zombie.
The adder zombie is almost destroyed.
You hit the human zombie. The adder zombie closely misses you.
A hobgoblin zombie comes into view.
The human zombie hits you. The adder zombie bites you.
You slash the adder zombie!
You destroy the adder zombie!
You hit the human zombie. The human zombie hits you.
You hit the mummy.
The mummy is lightly damaged.
You hit the human zombie.
An elf zombie comes into view.
The human zombie hits you! The mummy barely misses you.
You slash the mummy!
The mummy is almost destroyed.
You slash the human zombie! The human zombie hits you.
You barely miss the mummy.
The mummy is almost destroyed.
You hit the human zombie. The mummy hits you!
* * * LOW HITPOINT WARNING * * *
The human zombie closely misses you. The human zombie hits you.
You die...

######################
#....................#
#....................#
#........8.Z8Z.......#
#........Z.Z.M@......#
#...######..######...#
#...# #..# #...# #...#
#..# #...# #...# #.M#
#...# #...# .... #...#
#...# ##.... #...#
#...# #Z... #...#
#...# #..... #...#


You could see a mummy, a hobgoblin zombie, an orc zombie, an elf zombie and a
human zombie.

Vanquished Creatures
  A howler monkey (D:4)
  A centaur zombie (Ossuary)
  A mummy (Ossuary)
  5 adders
  An adder zombie (Ossuary)
  3 dart slugs
  An orc (D:3)
  7 bats
  2 endoplasms
  4 giant cockroaches
  9 goblins
  5 hobgoblins
  5 jackals
  8 kobolds
  A quokka (D:4)
  7 ball pythons
  A frilled lizard (D:2)
  A goblin zombie (Ossuary)
  8 hobgoblin zombies (Ossuary)
  7 kobold zombies (Ossuary)
  8 orc zombies (Ossuary)
  6 rats
  A rat zombie (Ossuary)
93 creatures vanquished.

Vanquished Creatures (collateral kills)
  A hobgoblin (D:4)
  2 kobolds (D:4)
3 creatures vanquished.

Vanquished Creatures (others)
  A hound (D:4)
  2 adders (D:4)
3 creatures vanquished.

Grand Total: 99 creatures vanquished

Notes
Turn   | Place    | Note
-------+----------+-------------------------------------------
     0 | D:1      | H0rd4k the Human Artificer began the quest for the Orb.
     0 | D:1      | Reached XP level 1. HP: 15/15 MP: 1/1
   379 | D:1      | Reached XP level 2. HP: 5/21 MP: 2/2
  1214 | D:1      | Reached XP level 3. HP: 26/26 MP: 3/3
  1216 | D:1      | Reached skill level 1 in Maces & Flails
  1610 | D:1      | Found a faded altar of an unknown god.
  2105 | D:2      | Reached XP level 4. HP: 28/32 MP: 4/4
  2427 | D:2      | Found Cunam's Book Shop.
  3021 | D:3      | Reached XP level 5. HP: 35/38 MP: 5/5
  3096 | D:3      | Reached skill level 1 in Short Blades
  3818 | D:4      | Noticed a necrophage
  3843 | D:4      | Found a white marble altar of Elyvilon.
  3869 | D:4      | Identified the +9 hand axe of the Immovable Deaths {vorpal,
                  | rPois}
  3937 | D:4      | Found a sand-covered staircase.
  3944 | Ossuary  | Entered an ossuary
  4134 | Ossuary  | Reached XP level 6. HP: 44/44 MP: 6/6
  4140 | Ossuary  | Reached skill level 1 in Axes
  4146 | Ossuary  | Slain by a human zombie

Illustrated notes

Levels and vault maps discovered:
D:1:      dpeg_arrival_boxes_within_box, layout_loops_ring,
          chequers_ecumenical_altar_twisty
D:2:      layout_loops_ring, serial_shops, nicolae_shop_behind_doors
D:3:      layout_loops_ring, minmay_splitting_lines
D:4:      layout_loops_cross, elyvilon_altar_5, cheibriados_altar_1,
          chequers_ossuary_entry_cave, minivault_11, minmay_increasing_density
Ossuary:  ossuary_tomb_1

Skill      XL: |  1  2  3  4  5  6 |
---------------+-------------------+-----
Maces & Flails | 1 2 |  2.3
Dodging        | 2 |  2.8
Short Blades   | 2 |  2.1
Fighting       | 2 |  2.2
Axes           | 1 |  1.1
Armour         | |  2.0
Stealth        | |  1.0
Evocations     | |  3.5

Action                   |  1- 3 |  4- 6 || total
-------------------------+-------+-------++-------
Melee: Club              |   158 |       ||   158
       Punch             |     2 |     3 ||     5
       Dagger            |    34 |   177 ||   211
       Hand axe          |       |    43 ||    43
Evoke: Wand              |     1 |    10 ||    11
 Stab: Sleeping          |     2 |     2 ||     4
Armor: Leather armour    |    65 |    91 ||   156
Dodge: Dodged            |   150 |   121 ||   271
